AoeStats
← lxnmnk Trade | B | S

Black Forest

510363509Analyzed
4v4 RM · 10h ago on Sep 30, 2026· 14m 45s· 8 players
Game mode
Random Map
Map size
Large (8 player)
Population
200
Speed
Normal
Resources
Standard
Victory
Conquest
Starting age
Dark Age
Ending age
Imperial Age
RankedLock teamsTeams togetherTeam positionsShared explorationLock speedFull tech treeHidden civsTurbo modeCheats
Victory
Defeat
🇺🇾 Lithuanians · Uruguay
1819
+10
🇦🇷 Persians · Argentina
1785
+11
🇦🇷 Mongols · Argentina
1756
+13
🇦🇷 Teutons · Argentina
1702
+15
🇺🇦 Lithuanians · Ukraine
1746
-15
🇺🇦 Danes · Ukraine
1740
-14
🇹🇼 Mongols · Taiwan
1640
-11
🇫🇷 Turks · France
1594
-9
lxnmnk Trade | B | S
11:44 Feudal Age
13:41 Double-Bit Axe
14:00 Loom
Minimath
1:15 Loom
14:20 Feudal Age
El Sobol
8:38 Loom
10:36 Feudal Age
15:23 Castle Age
13:32 Double-Bit Axe
Tensorflow
10:02 Feudal Age
10:07 Loom
10:31 Double-Bit Axe
11:12 Horse Collar
~BroKen~
2:01 Loom
9:47 Feudal Age
12:12 Fletching
DS_Alec
0:31 Loom
13:12 Feudal Age
13:21 Man-at-Arms
13:47 Double-Bit Axe
La Serpiente Emplumada
9:01 Feudal Age
9:30 Double-Bit Axe
9:42 Horse Collar
11:27 Bloodlines
12:05 Forging
13:02 Scale Barding Armor
Lea
10:33 Feudal Age
14:25 Castle Age
12:45 Double-Bit Axe
13:28 Horse Collar
15:04 Bow Saw
Connection lost

Rejoining the realm…

Still unreachable

The connection could not be restored.

Session expired

The server has moved on; the page needs a fresh start.